 Dungeon Sprint DCSS version 0.31-a0-142-g31f6795574 (webtiles) character file.

Game seed: 5948545274598878073

2226 Conn the Arsonist (level 9, -10/76 HPs)
             Began as an Octopode Fire Elementalist on June 3, 2023.
             Was a Priest of Sif Muna.
             Mangled by a boulder beetle (14 damage)
             ... in the Dungeon (Sprint II: "The Violet Keep of Menkaure").
             The game lasted 00:09:25 (970 turns).

Conn the Arsonist (Octopode Fire Elementalist)       Turns: 970, Time: 00:09:26

Health: -10/76     AC: 24    Str:  7    XL:     9   Next: 36%
Magic:  0/22       EV:  2    Int: 21    God:    Sif Muna [***...]
Gold:   594        SH:  0    Dex: 13    Spells: 15/27 levels left

rFire   + + .        g - staff of fire
rCold   + . .        (no shield)
rNeg    . . .        (helmet currently unavailable)
rPois   +            m - amulet of guardian spirit
rElec   +            (no ring)
rCorr   +            (no ring)
SInv    .            (no ring)
Will    .....        (no ring)
Stlth   ++++         (no ring)
HPRegen 0.32/turn    (no ring)
MPRegen 0.18/turn    (no ring)
                     (no ring)

%: no teleportation, guardian spirit
@: mighty, tree-form, resistant, invisible
A: stationary, stasis, torment immunity, boosted hp, almost no armour,
(amphibious), 8 rings, (camouflage 1), (gelatinous body 1), (nimble swimmer 1),
(tentacles)
a: Renounce Religion, Channel Magic, Forget Spell


You were in the Dungeon.
You worshipped Sif Muna.
Sif Muna was most pleased with you.
You were a tree.
You visited 1 branch You collected 949 gold pieces.
You spent 355 gold pieces at shops.

Inventory:

Magical Staves
 g - a staff of fire (weapon)
Jewellery
 m - an amulet of guardian spirit (around neck)
Scrolls
 f - a scroll of blinking
 h - a scroll of brand weapon {unknown}
 l - 5 scrolls of fog {unknown}
 n - 2 scrolls of fear {unknown}
 p - a scroll of poison {unknown}
 q - a scroll of identify {unknown}
Potions
 a - 5 potions of magic
 b - 3 potions of curing
 d - 2 potions of haste
 i - 4 potions of enlightenment
 j - a potion of invisibility
 o - a potion of attraction {unknown}
 r - a potion of mutation {unknown}
 s - a potion of cancellation {unknown}
 t - 2 potions of resistance


   Skills:
 + Level 5.7 Dodging
 + Level 7.9 Stealth
 - Level 1.8 Unarmed Combat
 + Level 9.6 Spellcasting
 * Level 9.4 Conjurations
 + Level 1.7 Hexes
 * Level 4.7 Translocations
 + Level 12.5 Fire Magic
 * Level 3.3 Invocations


You had 15 spell levels left.
You knew the following spells:

 Your Spells              Type           Power      Damage    Failure   Level
a - Foxfire               Conj/Fire      100%       2x1d9     1%          1
b - Scorch                Fire           100%       2d9       1%          2
c - Inner Flame           Hex/Fire       56%        N/A       1%          3
d - Flame Wave            Conj/Fire      71%        2d16      1%          4
e - Blink                 Tloc           60%        N/A       1%          2

Your spell library contained the following spells:

 Spells                   Type           Power      Damage    Failure   Level
 Volatile Blastmotes      Fire/Tloc      100%       2d18      1%          3
 Manifold Assault         Tloc           30%        N/A       10%         4
 Animate Dead             Necr           10%        N/A       56%         4
 Haunt                    Necr/Summ      5%         N/A       100%        7
 Storm Form               Tmut/Air       5%         N/A       100%        7
 Infestation              Necr           5%         N/A       100%        8


Dungeon Overview and Level Annotations

Branches:
Dungeon (1/1)

Altars:
Cheibriados
Dithmenos
Elyvilon
Fedhas
Gozag
Hepliaklqana
Kikubaaqudgha
Makhleb
Nemelex Xobeh
Okawaru
Qazlal
Ru
Sif Muna
Trog
Uskayaw
Vehumet
Wu Jian
Xom
Yredelemnul
Zin
The Shining One
Jiyva
Lugonu

Shops:
D [?:[![:(=(?[!*=

Annotations:
D exclusion: oklob plant


Innate Abilities, Weirdness & Mutations

You are a tree.
Your roots penetrate the ground, keeping you stationary.
You cannot be teleported.
You are immune to unholy pain and torment.
Your maximum health is greatly increased.
You cannot wear most types of armour.
((You are amphibious.))
You can wear up to eight rings at the same time.
((Your skin changes colour to match your surroundings (Stealth+).))
((Your rubbery body absorbs attacks. (AC +1, EV +1)))
((You are camouflaged when in or above water. (Stealth+)))
((You have tentacles for arms and can constrict up to eight enemies at once.))


Message History

Flame seeps out of the boulder beetle.
The boulder beetle completely misses you.
The boulder beetle bites you.
It was a potion of enlightenment.
Your roots keep you in place.
The boulder beetle bites you!
The boulder beetle bites you but does no damage.
It was a potion of invisibility.
You fade into invisibility!
The boulder beetle bites you but does no damage.
The boulder beetle bites you!
* * * LOW HITPOINT WARNING * * *
It was a potion of might.
You feel very mighty all of a sudden.
The boulder beetle bites you but does no damage.
The boulder beetle bites you!
* * * LOW HITPOINT WARNING * * *
You feel much better. The boulder beetle bites you. x2
It was a potion of resistance.
You feel protected.
Your enlightenment fades.
The boulder beetle bites you!
* * * LOW HITPOINT WARNING * * *
The boulder beetle bites you but does no damage.
Okay, then.
You aren't carrying any items that you can evoke.
Unknown command.
Unknown command.
Casting: Flame Wave (mildly dangerous; 1% risk of failure)
Confirm with . or Enter, or press ? or * to list all spells.
Okay, then.
Unknown command.
Unknown command.
You hit the boulder beetle.
The boulder beetle is severely wounded.
The boulder beetle bites you!
* * * LOW HITPOINT WARNING * * *
The boulder beetle bites you but does no damage.
You feel better. The boulder beetle bites you!
* * * LOW HITPOINT WARNING * * *
The boulder beetle bites you!
You die...

~## #. ##########~~#++ #
#########~~~... #
.......∩#~~~~.## ## #
∩.....∩.#~~~~##. .##.#### +^##.#
.∩...∩.∩#~~~~#.. .. ...# ...##
∩.∩.∩...#~~### $#. ###..## #..##
.∩.∩.∩..#~##.###B###.##..# +..#.
..∩.∩...#~##..##♣##..†#..# #^.#.
...⌠....'~'.##'.B.'##.'..####..##
........#~##..##.##.###....###...
▓▓▓▓▓▓###~##.###'###†##.....§~~~~
!GG######~~####.#.####~§.....~#'#
$.G#D ##~~~#..#..#~~~~~~~.§~#..
∩P(+?( #'#~##...##~~~~~~~~.~#_.
$D$#)# #.#~~##+##~~~≈≈≈§~~~~#._
####~~~~~~~~~~≈≈≈≈~~~#_.


You could see 2 boulder beetles.

Vanquished Creatures
  A yaktaur (D)
  3 polar bears (D)
  A hornet (D)
  A blink frog (D)
  Menkaure (D)
  4 water moccasins (D)
  4 necrophages (D)
  4 scorpions (D)
  3 worms (D)
22 creatures vanquished.

Vanquished Creatures (others)
  65 foxfires (D)
  4 tentacles (D)
69 creatures vanquished.

Grand Total: 91 creatures vanquished

Notes
Turn   | Place    | Note
-------+----------+-------------------------------------------
     0 | D        | Conn the Octopode Fire Elementalist began the quest for the
                  | Orb.
     0 | D        | Reached XP level 1. HP: 11/11 MP: 3/3
     1 | D        | Noticed a scorpion
     1 | D        | Noticed a scorpion
     1 | D        | Noticed a scorpion
     1 | D        | Noticed a scorpion
     9 | D        | Killed a scorpion
    10 | D        | Reached skill level 6 in Fire Magic
    10 | D        | Reached XP level 2. HP: 17/17 MP: 0/6
    10 | D        | Reached XP level 3. HP: 21/21 MP: 0/8
    14 | D        | Killed a scorpion
    15 | D        | Reached skill level 1 in Unarmed Combat
    15 | D        | Reached skill level 7 in Fire Magic
    15 | D        | Reached XP level 4. HP: 15/27 MP: 0/10
    18 | D        | Killed a scorpion
    19 | D        | Reached skill level 5 in Stealth
    19 | D        | Reached XP level 5. HP: 15/31 MP: 1/11
    21 | D        | Reached skill level 8 in Fire Magic
    21 | D        | Reached XP level 6. HP: 17/36 MP: 1/13
   103 | D        | Learned a level 2 spell: Scorch
   107 | D        | Learned a level 3 spell: Inner Flame
   112 | D        | Learned a level 4 spell: Flame Wave
   114 | D        | Noticed a boulder beetle
   114 | D        | Noticed a boulder beetle
   124 | D        | Reached skill level 5 in Spellcasting
   124 | D        | Reached skill level 9 in Fire Magic
   129 | D        | Reached skill level 5 in Dodging
   129 | D        | Reached skill level 10 in Fire Magic
   129 | D        | Reached XP level 7. HP: 39/41 MP: 0/16
   156 | D        | Found Ereve's Weapon Emporium.
   156 | D        | Found Ynaunloh's Antique Armour Emporium.
   156 | D        | Found Zabydaxt's Jewellery Shoppe.
   156 | D        | Found Jath's Magic Scroll Shoppe.
   157 | D        | Found Raadol's Antique Weapon Shoppe.
   157 | D        | Found Laituecu's Jewellery Emporium.
   157 | D        | Found Zuuklaci's Distillery.
   157 | D        | Found Wimaimym's General Store.
   158 | D        | Found Umpall's Book Shoppe.
   158 | D        | Found Cefaef's Antique Armour Emporium.
   158 | D        | Noticed a shining eye
   163 | D        | Noticed a blink frog
   166 | D        | Killed a blink frog
   170 | D        | Noticed a shining eye
   171 | D        | Found Aryarchoi's Distillery.
   171 | D        | Found Ommiuz Ito's Armour Shoppe.
   171 | D        | Noticed Menkaure
   171 | D        | Noticed a shining eye
   171 | D        | Noticed an oklob plant
   178 | D        | Killed Menkaure
   179 | D        | Reached skill level 11 in Fire Magic
   179 | D        | Found Rurghyhy's Magic Scroll Shoppe.
   179 | D        | Found Ithaps's Book Shoppe.
   179 | D        | Found Opyuros's Antique Armour Emporium.
   181 | D        | Noticed an ice dragon
   192 | D        | Noticed a fire dragon
   199 | D        | Bought a potion of lignification for 30 gold pieces
   215 | D        | Bought a staff of fire for 325 gold pieces
   227 | D        | Noticed a flying skull
   236 | D        | Noticed a flying skull
   238 | D        | Noticed a flying skull
   238 | D        | Noticed a flying skull
   238 | D        | Noticed a flying skull
   238 | D        | Noticed a flying skull
   239 | D        | Noticed a flying skull
   239 | D        | Noticed a flying skull
   239 | D        | Noticed a flying skull
   239 | D        | Noticed a flying skull
   239 | D        | Noticed a flying skull
   240 | D        | Noticed a flying skull
   247 | D        | Found a glowing golden altar of the Shining One.
   247 | D        | Found an ornate altar of the Wu Jian Council.
   247 | D        | Found a stormy altar of Qazlal.
   248 | D        | Found a shimmering altar of Xom.
   248 | D        | Found a sacrificial altar of Ru.
   249 | D        | Found a basalt altar of Yredelemnul.
   249 | D        | Found a shimmering blue altar of Sif Muna.
   249 | D        | Found a viscous altar of Jiyva.
   250 | D        | Found a glowing silver altar of Zin.
   250 | D        | Found a bloodstained altar of Trog.
   250 | D        | Found an ancient bone altar of Kikubaaqudgha.
   251 | D        | Found a hide-covered altar of Uskayaw.
   251 | D        | Found a corrupted altar of Lugonu.
   251 | D        | Found a shadowy altar of Dithmenos.
   252 | D        | Found a radiant altar of Vehumet.
   252 | D        | Found a burning altar of Makhleb.
   252 | D        | Found a white marble altar of Elyvilon.
   253 | D        | Found a sparkling altar of Nemelex Xobeh.
   253 | D        | Found a blossoming altar of Fedhas.
   255 | D        | Found an iron altar of Okawaru.
   255 | D        | Found an opulent altar of Gozag.
   255 | D        | Found a hazy altar of Hepliaklqana.
   255 | D        | Found a snail-covered altar of Cheibriados.
   260 | D        | Became a worshipper of Sif Muna the Loreminder
   274 | D        | Reached XP level 8. HP: 41/46 MP: 11/19
   326 | D        | Noticed a kraken
   395 | D        | Learned a level 2 spell: Blink
   660 | D        | Reached skill level 1 in Hexes
   660 | D        | Reached skill level 1 in Translocations
   660 | D        | Reached * piety under Sif Muna
   662 | D        | Noticed a polar bear
   663 | D        | Noticed a hornet
   664 | D        | Noticed a yaktaur
   665 | D        | Paralysed by a hornet for 1 turns
   666 | D        | Killed a hornet
   670 | D        | Killed a polar bear
   671 | D        | Reached skill level 12 in Fire Magic
   673 | D        | Killed a yaktaur
   673 | D        | Reached ** piety under Sif Muna
   674 | D        | Reached skill level 1 in Invocations
   674 | D        | Reached XP level 9. HP: 40/51 MP: 18/22
   717 | D        | Noticed a polar bear
   717 | D        | Noticed a polar bear
   726 | D        | Killed a polar bear
   727 | D        | Killed a polar bear
   927 | D        | Reached *** piety under Sif Muna
   970 | D        | Mangled by a boulder beetle

Illustrated notes

Levels and vault maps discovered:
D:        the_violet_keep_of_menkaure [sprint2_stairs_cluster_1,
          sprint2_shoproom, sprint2_temple, sprint2_basic_supplies,
          sprint2_obstacle_1, sprint2_obstacle_2, sprint2_obstacle_7,
          sprint2_obstacle_6, sprint2_obstacle_4, sprint2_timed_cluster_1,
          sprint2_smallroom_cluster_1, sprint2_smallroom_final_cluster_1,
          sprint2_transparent_cluster_1, sprint2_second_timed_cluster_1,
          sprint2_sniper_area_1, sprint2_heavy_combat_area_1,
          sprint2_mutation_trap_area_1, sprint2_forest_area_1,
          sprint2_light_combat_area_1, sprint2_behind_water_1,
          sprint2_near_end_vault_1]

Skill      XL: |  1  2  3  4  5  6  7  8  9 |
---------------+----------------------------+-----
Dodging        | 3 4 5 |  5.7
Stealth        | 4 5 6 7 |  7.9
Spellcasting   | 3 4 6 7 9 |  9.6
Fire Magic     | 6 7 8 10 11 12 | 12.5
Unarmed Combat | 1 |  1.8
Conjurations   | 2 3 4 6 7 8 9 |  9.4
Hexes          | 1 |  1.7
Translocations | 3 4 |  4.7
Invocations    | 1 3 |  3.3

Action                     |  1- 3 |  4- 6 |  7- 9 || total
---------------------------+-------+-------+-------++-------
  Melee: Unarmed           |     8 |     6 |       ||    14
         Constrict         |     1 |     2 |     1 ||     4
         Tentacles         |       |     2 |     1 ||     3
         Punch             |       |     1 |       ||     1
         Staff             |       |       |     3 ||     3
   Cast: Foxfire           |     3 |     1 |    35 ||    39
         Inner Flame       |       |     3 |     1 ||     4
         Scorch            |       |     2 |     8 ||    10
         Flame Wave        |       |       |    10 ||    10
 Invoke: Channel Magic     |       |       |     1 ||     1
    Use: Potion            |     1 |       |    10 ||    11
 Armour: Skin              |       |       |    18 ||    18
  Dodge: Dodged            |     1 |     2 |    13 ||    16

Table legend: (Time is in decaauts)
 A = Elapsed time spent in this place.
 B = Non-inter-level travel time spent in this place.
 C = Inter-level travel time spent in this place.
 D = Time resting spent in this place.
 E = Time spent auto-exploring this place.
 F = Levels seen in this place.
 G = Mean time per level.
                   A        B        C        D        E       F      G
               +--------+--------+--------+--------+--------+-----+--------+
         Total |    980 |    980 |      0 |    446 |      0 |   1 |  980.0 |
       Dungeon |    980 |    980 |      0 |    446 |      0 |   1 |  980.0 |
               +--------+--------+--------+--------+--------+-----+--------+

Top non-repeatable levels by time:
       D: 980 daAuts
